 Dungeon Crawl Stone Soup version 0.30-a0-743-gbfdf073431 (webtiles) character file.

Game seed: 17308510260975938680

63 BubbleThief the Stinger (level 4, 0/36 HPs)
             Began as a Naga Venom Mage on Feb 6, 2023.
             Slain by a goblin
             ... wielding a +0 dagger
             ... led by Robin
              (4 damage)
             ... on level 2 of the Dungeon.
             The game lasted 00:03:36 (1615 turns).

BubbleThief the Stinger (Naga Venom Mage)           Turns: 1615, Time: 00:03:37

Health: 0/36       AC:  4    Str: 10    XL:     4   Next: 9%
Magic:  1/7        EV: 10    Int: 17    God:
Gold:   82         SH:  0    Dex: 12    Spells: 3/7 levels left

rFire   . . .      SeeInvis +    i - +0 long sword
rCold   . . .      Faith    .    (no shield)
rNeg    . . .      Spirit   .    a - +0 robe
rPois   +          Reflect  .    l - +2 hat
rElec   .          Harm     .    (no cloak)
rCorr   .          Rampage  .    (no gloves)
Will    .....                    (no barding)
Stlth   ++                       (no amulet)
HPRegen 0.26/turn                (no ring)
MPRegen 0.10/turn                (no ring)

@: very slightly contaminated, very slow
A: AC +1, large, see invisible, deformed body, poison resistance, slowness 2,
spit poison 1, naga tail 1
a: Spit Poison


You were on level 2 of the Dungeon.
You visited 1 branch of the dungeon, and saw 2 of its levels.

You collected 82 gold pieces.

Inventory:

Hand Weapons
 d - a +0 short sword
 i - a +0 long sword (weapon)
Armour
 a - a +0 robe (worn)
 l - a +2 hat (worn)
Scrolls
 c - a scroll of noise {unknown}
 j - a scroll of blinking {unknown}
 m - a scroll of enchant weapon {unknown}
Potions
 b - a potion of magic
 e - a potion of curing {unknown}
 f - a potion of degeneration {unknown}
 g - a potion of haste {unknown}
 h - a potion of cancellation {unknown}
 k - a potion of attraction {unknown}
 n - a potion of might {unknown}


   Skills:
 - Level 1.5 Dodging
 - Level 3.0 Stealth
 + Level 2.2 Spellcasting
 - Level 1.0 Transmutations
 + Level 0.8 Ice Magic
 - Level 6.0 Poison Magic


You had 3 spell levels left.
You knew the following spells:

 Your Spells              Type           Power      Damage    Failure   Level
a - Sting                 Tmut/Pois      52%        1d5       4%          1
b - Frozen Ramparts       Ice            8%         1d2       38%         3

Your spell library contained the following spells:

 Spells                   Type           Power      Damage    Failure   Level
 Poisonous Vapours        Pois/Air       24%        N/A       9%          2
 Cigotuvi's Dreadful Rot  Necr/Pois/Air  16%        N/A       13%         2
 Freeze                   Ice            16%        1d4       14%         1
 Mephitic Cloud           Conj/Pois/Air  8%         N/A       26%         3
 Hailstorm                Conj/Ice       3%         3d3       43%         3
 Olgreb's Toxic Radiance  Pois           22%        N/A       16%         4
 Dispel Undead            Necr           1%         3d6       88%         4
 Death Channel            Necr           0%         N/A       100%        6


Dungeon Overview and Level Annotations

Branches:
Dungeon (2/15)

Altars:

Annotations:
D:2 Robin


Innate Abilities, Weirdness & Mutations

Your serpentine skin is tough. (AC +1)
You have supernaturally acute eyesight. (SInv)
Armour fits poorly on your strangely shaped body.
Your system is resistant to poisons. (rPois)
You cover ground very slowly.
You can spit poison.
You have a snake-like lower body.


Message History

The goblin attacks as you move away! The goblin barely misses you.
The goblin attacks as you move away! The goblin misses you.
You hit the goblin.
The goblin is heavily wounded.
The goblin hits you but does no damage. The goblin hits you with a +0 club.
The goblin closely misses you. The goblin hits you but does no damage.
The goblin closely misses you. The goblin hits you but does no damage.
The goblin hits you with a +0 club.
Unknown command.
Cast which spell? (? or * to list)
The spell is quite dangerous to miscast (38% risk of failure)!
Continue anyway? [Y]es or [N]o only, please.
The spell is quite dangerous to miscast (38% risk of failure)!
Continue anyway?
Okay, then.
Casting: Frozen Ramparts (quite dangerous; 38% risk of failure)
Confirm with . or Enter, or press ? or * to list all spells.
The spell is quite dangerous to miscast (38% risk of failure)!
Continue anyway?
Casting: Frozen Ramparts (quite dangerous; 38% risk of failure)
Press: ? - help, Dir - look around, f - activate You miscast Frozen Ramparts.
You are very lightly contaminated with residual magic.
Nothing appears to happen.
The goblin hits you but does no damage.
A rat comes into view.
The goblin barely misses you. The goblin closely misses you.
The goblin hits you with a +0 club.
* * * LOW HITPOINT WARNING * * *
Unknown command.
Casting: Frozen Ramparts (quite dangerous; 38% risk of failure)
Confirm with . or Enter, or press ? or * to list all spells.
You don't know that spell.
Unknown command.
Casting: Frozen Ramparts (quite dangerous; 38% risk of failure)
Confirm with . or Enter, or press ? or * to list all spells.
The spell is quite dangerous to miscast (38% risk of failure)!
Continue anyway?
Casting: Frozen Ramparts (quite dangerous; 38% risk of failure)
Press: ? - help, Dir - look around, f - activate You miscast Frozen Ramparts.
A chill runs through your body.
* * * LOW HITPOINT WARNING * * *
The goblin hits you with a +0 dagger.
You die...

########.. #.......)#
#........# #........#
..##...).g..# #.
....$.......#.# #.#
..#...g......# #.#
...####gg†#####.# ##.#
......g@g.....r.#
.#.###############.#######
.#........(..# #.#
.........###.# #.#
.........# #.# #.##
.........# #.# #..#
.........#
#.######.######.#
†#########
#...............# .#
#########.####..#


You could see Robin, a hobgoblin (strong), 4 goblins and a rat.

Vanquished Creatures
  An adder (D:1)
  2 worms (D:2)
  4 dart slugs
  4 ball pythons
  3 endoplasms (D:1)
  4 giant cockroaches (D:1)
  5 goblins
  A hobgoblin (D:1)
  2 quokkas
  6 bats
  3 frilled lizards
  2 kobolds
  2 rats (D:1)
39 creatures vanquished.

Notes
Turn   | Place    | Note
-------+----------+-------------------------------------------
     0 | D:1      | BubbleThief the Naga Venom Mage began the quest for the
                  | Orb.
     0 | D:1      | Reached XP level 1. HP: 15/15 MP: 3/3
    65 | D:1      | Found a faded altar of an unknown god.
   232 | D:1      | Reached XP level 2. HP: 22/22 MP: 5/5
   263 | D:1      | Reached skill level 5 in Poison Magic
   786 | D:1      | Reached XP level 3. HP: 28/28 MP: 4/6
  1107 | D:1      | Learned a level 3 spell: Frozen Ramparts
  1156 | D:2      | Reached skill level 6 in Poison Magic
  1541 | D:2      | Reached XP level 4. HP: 36/36 MP: 5/7
  1607 | D:2      | Noticed Robin
  1615 | D:2      | Slain by a goblin

Illustrated notes

Levels and vault maps discovered:
D:1:      dpeg_arrival_arbitrary_c, layout_basic,
          chequers_ecumenical_altar_grove
D:2:      layout_basic, st_stairs_1, uniq_robin

Skill      XL: |  1  2  3 |
---------------+----------+-----
Poison Magic   | 5 6 |  6.0
Dodging        | |  1.5
Stealth        | |  3.0
Spellcasting   | |  2.2
Transmutations | |  1.0
Ice Magic      | |  0.8

Action                     |  1- 3 |  4- 6 || total
---------------------------+-------+-------++-------
  Melee: Unarmed           |     4 |       ||     4
         Short sword       |     4 |       ||     4
         Long sword        |     2 |     5 ||     7
   Cast: Sting             |    33 |     1 ||    34
Ability: Spit Poison       |    33 |     4 ||    37
 Armour: Robe              |     4 |    10 ||    14
  Dodge: Dodged            |    16 |    11 ||    27

Table legend: (Time is in decaauts)
 A = Elapsed time spent in this place.
 B = Non-inter-level travel time spent in this place.
 C = Inter-level travel time spent in this place.
 D = Time resting spent in this place.
 E = Time spent auto-exploring this place.
 F = Levels seen in this place.
 G = Mean time per level.
                   A        B        C        D        E       F      G
               +--------+--------+--------+--------+--------+-----+--------+
         Total |   2057 |   1986 |     71 |     29 |   1647 |   2 | 1028.5 |
       Dungeon |   2057 |   1986 |     71 |     29 |   1647 |   2 | 1028.5 |
               +--------+--------+--------+--------+--------+-----+--------+

Top non-repeatable levels by time:
     D:1: 1467 daAuts
     D:2: 590 daAuts
